 Dungeon Crawl Stone Soup version 0.32-a0-928-g1cae6b7ea0 (webtiles) character file.

Game seed: 13252172508874169691

14782 ezpacito the Chopper (level 12, -1/92 HPs)
             Began as a Coglin Chaos Knight on Apr 13, 2024.
             Was a Plaything of Xom.
             Slain by Jorgrun
             ... wielding a +0 heavy quarterstaff
              (5 damage)
             ... while petrified by Jorgrun
             ... on level 12 of the Dungeon.
             The game lasted 00:16:00 (11903 turns).

ezpacito the Chopper (Coglin Chaos Knight)         Turns: 11903, Time: 00:16:00

Health: -1/92      AC: 12    Str: 20      XL:     12   Next: 20%
Magic:  17/17      EV:  2    Int: 12 (13) God:    Xom [*.....]
Gold:   817        SH:  0    Dex: 17      Spells: 1/18 levels left

rFire   . . .        a - +0 hand axe (chaos) {Zhen}
rCold   . . .        d - +3 trident (chaos) {Genichi}
rNeg    + + +        C - +3 leather armour "Ewusor" {rElec rPois}
rPois   ∞            L - +0 helmet {Int+3}
rElec   +            y - +0 cloak
rCorr   .            h - +0 pair of gloves
SInv    .            A - +0 pair of boots
Will    .....        (amulet unavailable)
Stlth   +++          (ring unavailable)
HPRegen 0.35/turn    (ring unavailable)
MPRegen 0.15/turn    (no gizmo)

%: no passive effects
@: petrified
A: off-hand wielding, slow wielding, warmup strikes, no jewellery, agile 1,
deterioration 1, passive freeze, poison resistance, strong 1
a: Invent Gizmo, Renounce Religion


You were on level 12 of the Dungeon.
You worshipped Xom.
You were a special plaything of Xom.
You visited 2 branches of the dungeon, and saw 13 of its levels.

You collected 1051 gold pieces.
You spent 234 gold pieces at shops.

Inventory:

Hand Weapons
 a - a +0 hand axe of chaos (weapon) {Zhen}
 d - a +3 trident of chaos (offhand) {Genichi}
 g - a +0 war axe of flaming
 s - a +2 hand axe of draining
 N - a +0 war axe {Septima}
Missiles
 e - 6 javelins (quivered)
 o - 14 boomerangs
 p - 5 poisoned darts
 B - 3 throwing nets
Armour
 h - a +0 pair of gloves (worn)
 y - a +0 cloak (worn)
 A - a +0 pair of boots (worn)
 C - the +3 leather armour "Ewusor" (worn) {rElec rPois}
   (You found it on level 5 of the Dungeon)

   rElec:     It insulates you from electricity.
   rPois:     It protects you from poison.
 J - +0 swamp dragon scales
 L - a +0 helmet of intelligence (worn)
Magical Staves
 I - a staff of death
 P - a staff of cold
Talismans
 n - a maw talisman
 H - a flux talisman
Wands
 b - a wand of flame (25)
 u - a wand of quicksilver (1)
 w - a wand of polymorph (8)
 D - a wand of digging (6)
 F - a wand of roots (8)
Scrolls
 c - a scroll of noise
 i - 7 scrolls of identify
 k - a scroll of enchant weapon
 m - 5 scrolls of poison
 r - a scroll of vulnerability
 t - 5 scrolls of teleportation
 z - 4 scrolls of amnesia
 E - a scroll of immolation
 M - a scroll of fog
 O - a scroll of torment
Potions
 f - a potion of magic
 j - 3 potions of brilliance
 v - a potion of lignification
 x - 4 potions of mutation
 G - a potion of enlightenment


   Skills:
 * Level 7.7 Fighting
 * Level 7.9(9.1) Axes
 * Level 6.3(7.9) Polearms
 * Level 6.9 Armour
 * Level 6.6 Dodging
 + Level 4.1 Stealth
 + Level 3.8 Spellcasting
 + Level 2.4 Summonings
 + Level 3.3 Necromancy
 + Level 2.7 Translocations
 + Level 2.8 Alchemy
 + Level 6.0 Evocations
 + Level 3.4 Shapeshifting


You had one spell level left.
You knew the following spells:

 Your Spells              Type           Power      Damage    Failure   Level
a - Necrotise             Necr           40%        1d6       7%          1
b - Blink                 Tloc           16%        N/A       13%         2
c - Sting                 Conj/Alch      20%        1d4       14%         1
d - Shock                 Conj/Air       8%         1d3       26%         1
e - Summon Hydra          Summ           4%         N/A       100%        7
f - Call Imp              Summ           16%        N/A       14%         2
g - Apportation           Tloc           16%        N/A       9%          1
h - Mercury Vapours       Alch/Air       10%        N/A       22%         2

Your spell library contained the following spells:

 Spells                   Type           Power      Damage    Failure   Level
 Summon Small Mammal      Summ           32%        N/A       10%         1
 Foxfire                  Conj/Fire      8%         2x1d4     26%         1
 Magic Dart               Conj           8%         1d3       26%         1
 Sublimation of Blood     Necr           10%        N/A       10%         2
 Fugue of the Fallen      Necr           10%        N/A       21%         3
 Call Canine Familiar     Summ           8%         N/A       28%         3
 Ensorcelled Hibernation  Hex/Ice        4%         N/A       36%         2
 Mephitic Cloud           Conj/Alch/Air  4%         N/A       47%         3
 Sigil of Binding         Hex            2%         N/A       61%         3
 Swiftness                Air            2%         N/A       61%         3
 Passage of Golubria      Tloc           8%         N/A       63%         4
 Anguish                  Hex/Necr       3%         N/A       78%         4
 Dimensional Bullseye     Hex/Tloc       2%         N/A       82%         4
 Summon Blazeheart Golem  Fire/Summ      5%         N/A       85%         4
 Airstrike                Air            1%         2d(1-17)  95%         4
 Freezing Cloud           Conj/Ice/Air   1%         6-21      100%        5
 Silence                  Hex/Air        1%         N/A       100%        5
 Plasma Beam              Fire/Air       1%         2x1d11    100%        6
 Starburst                Conj/Fire      1%         6d3       100%        6
 Lehudib's Crystal Spear  Conj/Erth      1%         10d2      100%        8


Dungeon Overview and Level Annotations

Branches:
Dungeon (12/15)            Temple (1/1) D:4            Lair (0/5) D:9
    Orc (0/2) D:9

Altars:
Ashenzari
Cheibriados
Dithmenos
Elyvilon
Fedhas
Gozag
Hepliaklqana
Kikubaaqudgha
Makhleb
Nemelex Xobeh
Okawaru
Qazlal
Ru
Sif Muna
Trog
Uskayaw
Vehumet
Wu Jian
Xom
Yredelemnul
Zin
The Shining One

Shops:
D:2 [(*   D:4 *

Annotations:
D:12 Jorgrun


Innate Abilities, Weirdness & Mutations

You can wield a second weapon in your off-hand.
It takes a long time for you to wield or remove held weapons.
Your first few attacks do less damage.
You cannot equip rings or amulets.
You are agile. (Dex +4, Str/Int -1)
Your body sometimes deteriorates upon taking damage.
A frigid envelope surrounds you and freezes all who hurt you.
Your system is resistant to poisons. (rPois)
Your muscles are strong. (Str +4, Int/Dex -1)


Message History

Jorgrun is heavily wounded.
Jorgrun gestures at you while chanting.
You are slowing down.
Aiming: Quicksilver Bolt
Press: ? - help, Shift-Dir - straight line, f/p - Jorgrun
Aim: Jorgrun, wielding a +0 heavy quarterstaff and wearing a +0 robe (heavily wounded, 57% to hit)
The bolt of dispelling energy hits Jorgrun!
Jorgrun is severely wounded.
Jorgrun hits you with a +0 heavy quarterstaff!
* * * LOW HITPOINT WARNING * * *
Jorgrun is very cold.
Jorgrun is severely wounded.
Your limbs are stiffening.
You take 6 damage, and have 15/92 hp.
Aiming: Quicksilver Bolt
Press: ? - help, Shift-Dir - straight line, f/p - Jorgrun
Aim: Jorgrun, wielding a +0 heavy quarterstaff and wearing a +0 robe (severely wounded, 57% to hit)
The bolt of dispelling energy hits Jorgrun!
Jorgrun is severely wounded.
Jorgrun says, "'tis place shall be yer tomb!"
Jorgrun hits you with a +0 heavy quarterstaff!
* * * LOW HITPOINT WARNING * * *
You emit a cloud of colourful smoke!
You have turned to stone.
Jorgrun hits you with a +0 heavy quarterstaff!
* * * LOW HITPOINT WARNING * * *
Jorgrun is very cold.
Jorgrun is severely wounded.
Jorgrun hits you with a +0 heavy quarterstaff.
* * * LOW HITPOINT WARNING * * *
Jorgrun is very cold.
Jorgrun is almost dead.
Jorgrun points at you and mumbles some strange words.
The iron shot misses you.
Xom decides to rearrange the pieces.
You swap places with Jorgrun.
Jorgrun looks rather confused.
Jorgrun ponders the situation.
Jorgrun hits you with a +0 heavy quarterstaff!
You die...
Xom chuckles heartily!

######### ###########
........# ###.........#
........# #.'.........#
........# #.#.........#
......§@# ##.#.........#
......○g###..#.........#
......§§§)..##.........#
........######.........#
........# #.........#
........# #.....†...#
###+##### #######'###
#.# #.#


You could see Jorgrun (confused).

Vanquished Creatures
  Harold (D:10)
  An alligator (D:12)
  2 two-headed ogres (D:9)
  An arcanist (D:11)
  A glowing orange brain (shapeshifter) (D:8)
  Pikel (D:4)
  2 cyclopes
  2 gargoyles
  An unseen horror (D:11)
  A komodo dragon (D:9)
  Maggie (D:8)
  3 trolls
  Grinder (D:4)
  2 hornets
  A shadow (D:10)
  A vampire (D:11)
  4 yaks (D:11)
  2 wyverns
  A steam dragon (D:8)
  3 vampire mosquitoes
  2 acid dragons
  A water moccasin (D:9)
  9 orc warriors
  3 sky beasts
  An ice beast (D:7)
  A black bear (D:7)
  A centaur (D:7)
  3 ogres
  2 phantoms
  A kobold brigand (D:8)
  A gnoll sergeant (D:7)
  4 bullfrogs
  2 wights (D:3)
  2 scorpions (D:5)
  12 killer bees (D:10)
  11 electric eels
  5 howler monkeys
  4 bombardier beetles
  5 hounds
  2 jellies
  Crazy Yiuf (D:4)
  A gnoll bouda (D:8)
  11 orc priests
  A sleepcap (D:8)
  6 iguanas
  9 orc wizards
  7 gnolls
  13 adders
  3 shadow imps
  4 white imps
  2 ufetubi (D:5)
  3 dart slugs
  2 ribbon worms
  37 orcs
  5 endoplasms
  6 giant cockroaches
  12 goblins
  5 hobgoblins
  A hobgoblin (shapeshifter) (D:2)
  3 quokkas
  7 ball pythons
  A bat (D:1)
  3 frilled lizards
  6 kobolds
  7 rats
260 creatures vanquished.

Vanquished Creatures (collateral kills)
  An ice dragon (D:7)
  An orc priest (D:3)
  An iguana (D:7)
  A shadow imp (D:3)
4 creatures vanquished.

Vanquished Creatures (others)
  A wight (D:3)
1 creature vanquished.

Grand Total: 265 creatures vanquished

Notes
Turn   | Place    | Note
-------+----------+-------------------------------------------
     0 | D:1      | ezpacito the Coglin Chaos Knight began the quest for the
                  | Orb.
     0 | D:1      | Reached XP level 1. HP: 18/18 MP: 1/1
    49 | D:1      | Reached skill level 1 in Dodging
   122 | D:1      | Reached XP level 2. HP: 24/24 MP: 2/2
   436 | D:1      | Reached XP level 3. HP: 29/29 MP: 3/3
   682 | D:1      | XOM: silly message
   802 | D:1      | XOM: divination: magic mapping
  1104 | D:2      | XOM: cloud trail
  1126 | D:2      | Found a faded altar of an unknown god.
  1219 | D:2      | Found Naror's Antique Weapon Boutique.
  1283 | D:2      | Found Tetzied's General Store.
  1289 | D:2      | Bought a scroll of poison for 52 gold pieces
  1289 | D:2      | Bought a scroll of fear for 52 gold pieces
  1294 | D:2      | a hobgoblin changed into a shapeshifter
  1294 | D:2      | Noticed a shapeshifter (shapeshifter)
  1294 | D:2      | XOM: polymorph hobgoblin -> shapeshifter
  1294 | D:2      | a shapeshifter changed into a hobgoblin
  1306 | D:2      | Found Xuhia's Armour Emporium.
  1327 | D:2      | XOM: cloud trail
  1352 | D:2      | XOM: noise
  1632 | D:3      | Noticed a wight
  1633 | D:3      | Noticed a wight
  1634 | D:3      | XOM: enchant monster (good)
  1730 | D:3      | Reached XP level 4. HP: 33/34 MP: 4/4
  1737 | D:3      | Reached skill level 1 in Polearms
  1737 | D:3      | Reached XP level 5. HP: 7/41 MP: 4/6
  1827 | D:3      | XOM: silly message
  1926 | D:3      | Reached skill level 1 in Spellcasting
  1926 | D:3      | Reached skill level 1 in Evocations
  2079 | D:3      | Found a transporter.
  2086 | D:3      | Found a transporter.
  2087 | D:3      | Noticed an ogre
  2093 | D:3      | XOM: butterfly on damage
  2094 | D:3      | Killed an ogre
  2095 | D:3      | Reached skill level 1 in Stealth
  2095 | D:3      | Reached XP level 6. HP: 19/48 MP: 7/7
  2491 | D:3      | XOM: god gift: book of the Hunter
  2835 | D:3      | Gained mutation: Your muscles are strong. (Str +4, Int/Dex
                  | -1) [potion of mutation]
  2835 | D:3      | Gained mutation: You possess an exceptional clarity of
                  | mind. [potion of mutation]
  2835 | D:3      | Gained mutation: You are agile. (Dex +4, Str/Int -1)
                  | [potion of mutation]
  2835 | D:3      | Gained mutation: Your system is resistant to poisons.
                  | (rPois) [potion of mutation]
  2935 | D:4      | XOM: silly message
  2954 | D:4      | Reached XP level 7. HP: 45/54 MP: 8/8
  3055 | D:4      | Found a staircase to the Ecumenical Temple.
  3439 | Temple   | Entered the Ecumenical Temple
  3483 | D:4      | Found an iron altar of Okawaru.
  3537 | D:4      | Found a runed translucent door.
  3538 | D:4      | Noticed Crazy Yiuf
  3600 | D:4      | Found Ymyaxt's General Store.
  3603 | D:4      | Bought a potion of heal wounds for 50 gold pieces
  3603 | D:4      | Bought a scroll of poison for 40 gold pieces
  3603 | D:4      | Bought a scroll of identify for 20 gold pieces
  3603 | D:4      | Bought a scroll of identify for 20 gold pieces
  3700 | D:4      | Noticed Pikel
  3709 | D:4      | XOM: confuse monster(s)
  3710 | D:4      | Killed Pikel
  3711 | D:4      | Reached skill level 1 in Shapeshifting
  3711 | D:4      | Reached XP level 8. HP: 51/61 MP: 9/11
  3756 | D:4      | Noticed Grinder
  3769 | D:4      | Killed Grinder
  3925 | D:4      | XOM: cloud trail
  3935 | D:4      | Killed Crazy Yiuf
  4058 | D:5      | Entered Level 5 of the Dungeon
  4104 | D:5      | Reached skill level 5 in Fighting
  4104 | D:5      | Reached skill level 5 in Axes
  4340 | D:5      | Reached XP level 9. HP: 68/68 MP: 12/12
  4480 | D:5      | XOM: destruction
  4690 | D:5      | Identified the +3 leather armour "Ewusor" {rElec rPois}
  5039 | D:5      | XOM: scenery: create altars
  5044 | D:5      | Found a broken altar of Ashenzari.
  5213 | D:6      | Found a white marble altar of Elyvilon.
  5226 | D:6      | Found a basalt altar of Yredelemnul.
  5233 | D:6      | Found a sparkling altar of Nemelex Xobeh.
  5233 | D:6      | Found a burning altar of Makhleb.
  5233 | D:6      | Found a sacrificial altar of Ru.
  5238 | D:6      | Found a glowing golden altar of the Shining One.
  5274 | D:6      | Found a shimmering blue altar of Sif Muna.
  6063 | D:7      | Found a hazy altar of Hepliaklqana.
  6063 | D:7      | Found a radiant altar of Vehumet.
  6064 | D:7      | Found an opulent altar of Gozag.
  6095 | D:7      | Noticed a hornet
  6103 | D:7      | Killed a hornet
  6108 | D:7      | Reached skill level 1 in Necromancy
  6345 | D:7      | XOM: cloud trail
  6424 | D:7      | Reached skill level 5 in Armour
  6575 | D:7      | a slime creature changed into an ice dragon
  6575 | D:7      | Noticed an ice dragon
  6600 | D:7      | XOM: enchant monster (good)
  6613 | D:7      | Killed an ice dragon
  6614 | D:7      | Reached XP level 10. HP: 55/76 MP: 14/14
  6641 | D:7      | HP: 3/76 [acid dragon (10)]
  6643 | D:7      | Reached skill level 5 in Dodging
  6933 | D:7      | XOM: god gift: 56 gold pieces
  7043 | D:8      | XOM: noise
  7084 | D:8      | XOM: divination: magic mapping
  7202 | D:8      | Noticed a gargoyle
  7236 | D:8      | Killed a gargoyle
  7240 | D:8      | Learned a level 1 spell: Necrotise
  7242 | D:8      | Learned a level 1 spell: Apportation
  7245 | D:8      | Learned a level 2 spell: Blink
  7247 | D:8      | Learned a level 1 spell: Sting
  7249 | D:8      | Learned a level 1 spell: Shock
  7257 | D:8      | Learned a level 7 spell: Summon Hydra
  7260 | D:8      | Learned a level 2 spell: Call Imp
  7318 | D:8      | XOM: polymorph troll -> ribbon worm
  7322 | D:8      | Reached skill level 5 in Polearms
  7350 | D:8      | Identified the ring of the Middle {Int+6 Dex+3 Slay+2}
  7351 | D:8      | Noticed a cyclops
  7368 | D:8      | Killed a cyclops
  7896 | D:8      | Found a stormy altar of Qazlal.
  7980 | D:8      | Noticed Maggie
  7991 | D:8      | Killed Maggie
  8009 | D:8      | Reached skill level 5 in Evocations
  8084 | D:8      | XOM: potion effect (brilliance)
  8086 | D:8      | Noticed a two-headed ogre
  8092 | D:8      | Reached skill level 1 in Alchemy
  8093 | D:8      | a two-headed ogre changed into a glowing shapeshifter
  8093 | D:8      | Noticed a glowing shapeshifter
  8094 | D:8      | a glowing shapeshifter changed into a glowing orange brain
  8094 | D:8      | Noticed a glowing orange brain (glowing shapeshifter)
  8098 | D:8      | Killed a glowing orange brain
  8099 | D:8      | Reached skill level 1 in Summonings
  8099 | D:8      | Reached skill level 1 in Translocations
  8110 | D:8      | XOM: divination: magic mapping
  8262 | D:9      | XOM: enchant monster (good)
  8263 | D:9      | Found a staircase to the Orcish Mines.
  8284 | D:9      | Reached XP level 11. HP: 62/83 MP: 15/15
  8632 | D:9      | Noticed a two-headed ogre
  8640 | D:9      | Killed a two-headed ogre
  8728 | D:9      | Found a staircase to the Lair.
  8753 | D:9      | XOM: 2-stop teleportation journey
  8801 | D:9      | XOM: give mutations
  8801 | D:9      | Lost mutation: You possess an exceptional clarity of mind.
                  | [Xom's mischief]
  8801 | D:9      | Gained mutation: A frigid envelope surrounds you and
                  | freezes all who hurt you. [Xom's mischief]
  8801 | D:9      | Gained mutation: Your body sometimes deteriorates upon
                  | taking damage. [Xom's mischief]
  8802 | D:9      | Noticed a two-headed ogre
  8805 | D:9      | XOM: confuse monster(s)
  8809 | D:9      | Killed a two-headed ogre
  9176 | D:10     | XOM: stealth player
  9176 | D:10     | Entered Level 10 of the Dungeon
  9250 | D:10     | XOM: god gift: 51 gold pieces
  9392 | D:10     | XOM: 2-stop teleportation journey
  9550 | D:10     | XOM: fake destruction
  9557 | D:10     | XOM: polymorph orc warrior -> quokka
  9594 | D:10     | Noticed Harold
  9608 | D:10     | XOM: summons friendly crimson imp
  9609 | D:10     | Killed Harold
  9815 | D:10     | XOM: cloud trail
  9819 | D:10     | Learned a level 2 spell: Mercury Vapours
  9829 | D:10     | XOM: 1-stop teleportation journey
  9890 | D:10     | XOM: silly message
 10285 | D:11     | XOM: noise
 10387 | D:11     | XOM: noise
 10576 | D:11     | Noticed a cyclops
 10578 | D:11     | XOM: enchant monster (good)
 10583 | D:11     | Killed a cyclops
 10606 | D:11     | Noticed an arcanist
 10613 | D:11     | XOM: silly message
 10614 | D:11     | XOM: silly message
 10617 | D:11     | Killed an arcanist
 11032 | D:11     | XOM: 6-stop teleportation journey
 11081 | D:11     | Reached XP level 12. HP: 88/91 MP: 17/17
 11214 | D:11     | XOM: 1-stop teleportation journey
 11260 | D:11     | XOM: smoke on damage
 11357 | D:12     | Found an ornate altar of the Wu Jian Council.
 11407 | D:12     | XOM: noise
 11471 | D:12     | a titanic slime creature changed into an alligator
 11471 | D:12     | Noticed an alligator
 11471 | D:12     | XOM: chaos upgrade
 11477 | D:12     | Killed an alligator
 11504 | D:12     | XOM: chaos upgrade
 11535 | D:12     | XOM: stat loss: -1 Int (12/13)
 11878 | D:12     | Noticed Jorgrun
 11880 | D:12     | XOM: enchant monster (good)
 11898 | D:12     | XOM: smoke on damage
 11899 | D:12     | HP: 3/92 [Jorgrun/+0 heavy quarterstaff (4)]
 11903 | D:12     | XOM: swap monsters
 11903 | D:12     | Slain by Jorgrun

Illustrated notes

Levels and vault maps discovered:
D:1:      tarquinn_simple_flora_water_c, layout_basic, minmay_tiny_reverse_x
D:2:      layout_basic, serial_shops, nicolae_shop_overgrown_old_shop,
          nicolae_shop_hallway_plus, shop,
          shapermc_ecumenical_altar_mp_urbaneastern, corexii_hall_statues_x
D:3:      gammafunk_wand_slinger, layout_basic, chequers_serial_rivers_small_b
D:4:      layout_loops_ring, okawaru_gym_becter,
          minmay_temple_entry_glassed_door, serial_shops,
          nicolae_shop_window_shopping, minmay_misc_feat_nine_boxes,
          uniq_grinder, uniq_crazy_yiuf_cottage, uniq_pikel
D:5:      layout_basic, mainiacjoe_overflow_alcove_2
D:6:      layout_cave_pools, mainiacjoe_overflow_small_starburst, minitemple,
          serial_bayou_lake_a
D:7:      minmay_chambers_of_sixes, layout_loops_ring,
          nicolae_overflow_hidden_temple, hangedman_abyss_or_decor_lesser_grid
D:8:      minmay_blocky_corners, layout_basic, mainiacjoe_overflow_paths,
          uniq_maggie
D:9:      layout_grid_maze, david_lair_shrubbed, david_orc_3
D:10:     layout_cave_pools, dk_noncrumbling_4, uniq_harold
D:11:     layout_basic, minmay_checkerbox
D:12:     layout_roguey [special_room_orc], nzn_wu_jian_contemplation,
          uniq_jorgrun
Temple:   grunt_temple_mini_profane

Skill      XL: |  1  2  3  4  5  6  7  8  9 10 11 12 |
---------------+-------------------------------------+-----
Dodging        | 1 2 3 4 5 6 |  6.6
Armour         | 2 3 4 5 6 |  6.9
Polearms       | 1 2 3 4 5 6 |  6.3
Spellcasting   | 1 2 3 |  3.8
Evocations     | 1 2 3 4 5 6 |  6.0
Stealth        | 1 2 3 4 |  4.1
Fighting       | 4 5 6 7 |  7.7
Axes           | 4 5 6 7 |  7.9
Shapeshifting  | 1 2 3 |  3.4
Necromancy     | 1 2 3 |  3.3
Alchemy        | 1 2 |  2.8
Summonings     | 1 2 |  2.4
Translocations | 1 2 |  2.7

Action                     |  1- 3 |  4- 6 |  7- 9 | 10-12 || total
---------------------------+-------+-------+-------+-------++-------
  Melee: Hand axe          |    59 |    55 |   191 |   246 ||   551
         Dagger            |    19 |       |       |       ||    19
         War axe           |    40 |     5 |       |       ||    45
         Trident           |       |    83 |   226 |   319 ||   628
  Evoke: Wand              |     8 |       |     3 |    18 ||    29
    Use: Scroll            |     1 |     5 |     5 |     8 ||    19
         Potion            |       |     8 |     4 |    11 ||    23
   Stab: Sleeping          |     1 |     2 |     8 |     8 ||    19
         Invisible         |       |     3 |     1 |       ||     4
         Paralysed         |       |     1 |       |     5 ||     6
         Confused          |       |     1 |     6 |     3 ||    10
         Petrified         |       |       |     2 |     5 ||     7
         Petrifying        |       |       |     2 |       ||     2
         Distracted        |       |       |       |     4 ||     4
 Armour: Leather armour    |    39 |    37 |    88 |   258 ||   422
         Skin              |       |       |     5 |       ||     5
  Dodge: Dodged            |    25 |    34 |   105 |   190 ||   354

Table legend: (Time is in decaauts)
 A = Elapsed time spent in this place.
 B = Non-inter-level travel time spent in this place.
 C = Inter-level travel time spent in this place.
 D = Time resting spent in this place.
 E = Time spent auto-exploring this place.
 F = Levels seen in this place.
 G = Mean time per level.
                   A        B        C        D        E       F      G
               +--------+--------+--------+--------+--------+-----+--------+
         Total |  11979 |  11327 |    652 |    586 |   8730 |  13 |  921.5 |
       Dungeon |  11978 |  11326 |    652 |    586 |   8730 |  12 |  998.2 |
        Temple |      1 |      1 |      0 |      0 |      0 |   1 |    1.0 |
               +--------+--------+--------+--------+--------+-----+--------+

Top non-repeatable levels by time:
     D:7: 1406 daAuts
     D:3: 1220 daAuts
     D:4: 1219 daAuts
    D:11: 1202 daAuts
     D:5: 1119 daAuts
     D:8: 1007 daAuts
    D:10: 986 daAuts
     D:9: 947 daAuts
     D:1: 868 daAuts
     D:2: 813 daAuts
     D:6: 653 daAuts
    D:12: 533 daAuts
  Temple: 1 daAuts
